 Dungeon Crawl Stone Soup version 0.28-a0-1510-gd0f6b136d3 (webtiles) character file.

Game seed: 8798140150141084278

70 HallandMoats the Skirmisher (level 4, 0/40 HPs)
             Began as a Ghoul Fighter on Jan 14, 2022.
             Was a Believer of Uskayaw.
             Slain by a kobold (2 damage)
             ... on level 3 of the Dungeon.
             The game lasted 00:02:58 (2025 turns).

HallandMoats the Skirmisher (Ghoul Fighter)         Turns: 2025, Time: 00:02:58

Health: 0/40       AC:  6    Str: 19    XL:     4   Next: 22%
Magic:  0/3        EV:  9    Int:  5    God:    Uskayaw [**....]
Gold:   71         SH:  4    Dex:  8    Spells: 3/3 levels left

rFire   . . .      SeeInvis .   a - +0 war axe
rCold   + . .      Faith    .   c - +0 buckler
rNeg    + + +      Spirit   +   b - +0 scale mail
rPois   ∞          Reflect  .   (no helmet)
rElec   .          Harm     .   (no cloak)
rCorr   .          Rampage  .   (no gloves)
Will    .....                   (no boots)
Stlth   ..........              k - amulet of guardian spirit
HPRegen 0.00/turn               (no ring)
MPRegen 0.08/turn               (no ring)

@: inhibited regen
A: claws 1, cold resistance 1, negative energy resistance 3, inhibited
regeneration, torment resistance 2
a: Renounce Religion, Stomp, Line Pass


You were on level 3 of the Dungeon.
You worshipped Uskayaw.
Uskayaw was noncommittal.
You visited 1 branch of the dungeon, and saw 3 of its levels.

You collected 71 gold pieces.

Inventory:

Hand Weapons
 a - a +0 war axe (weapon)
Armour
 b - a +0 scale mail (worn)
 c - a +0 buckler (worn)
Jewellery
 k - an amulet of guardian spirit (around neck)
Scrolls
 f - 2 scrolls of blinking {unknown}
 g - a scroll of enchant armour {unknown}
 i - 2 scrolls of teleportation {unknown}
Potions
 d - a potion of might
 e - a potion of curing {unknown}
 h - a potion of magic {unknown}
 j - a potion of ambrosia {unknown}
 l - a potion of heal wounds {unknown}


   Skills:
 * Level 3.8 Fighting
 * Level 2.4 Axes
 + Level 2.9 Armour
 + Level 0.6 Dodging
 * Level 3.1 Shields
 * Level 1.3 Invocations


You had 3 spell levels left.
You didn't know any spells.
Your spell library was empty.

Dungeon Overview and Level Annotations

Branches:
Dungeon (3/15)

Altars:
Okawaru
Uskayaw


Innate Abilities, Weirdness & Mutations

You thrive by killing the living.
You are immune to poison.
You have sharp fingernails.
Your flesh is cold resistant. (rC+)
You are immune to negative energy. (rN+++)
You do not regenerate when monsters are visible.
You are immune to unholy pain and torment.


Message History

An orc comes into view. It is wielding a +0 war axe.
The orc shouts! x2; You hear a shout!
An ice beast comes into view.
An orc comes into view. It is wielding a +0 falchion.
The orc shouts!
You hear an angry hiss.
The endoplasm freezes you.
You are frozen.
You resist.
A hobgoblin comes into view.
You slash the orc!
You kill the orc!
You slash the endoplasm!
You kill the endoplasm!
The orc throws a silver boomerang.
The silver boomerang hits you. The orc hits you with a +0 war axe.
You closely miss the orc. You hit the orc but do no damage.
The orc closely misses you.
A kobold comes into view.
It is wielding a +0 whip and quivering poisoned darts.
You hit the ice beast but do no damage. You barely miss the orc.
You closely miss the orc. The orc hits you with a +0 war axe.
A quokka comes into view.
The ice beast hits you. The ice beast freezes you. You resist.
You block the orc's attack. x2
You hit the ice beast.
The ice beast is lightly wounded.
You closely miss the orc. x2; You hit the orc.
The ice beast hits you. The ice beast freezes you. You resist.
The orc barely misses you. You block the orc's attack.
The orc hits you with a +0 war axe.
The ice beast hits you but does no damage.
The orc hits you with a +0 falchion.
* * * LOW HITPOINT WARNING * * *
You can now pass through a line of other dancers.
An adder comes into view.
The adder hisses angrily.
The orc hits you with a +0 war axe!
* * * LOW HITPOINT WARNING * * *
The orc hits you with a +0 war axe.
* * * LOW HITPOINT WARNING * * *
The adder moves out of view.
The kobold hits you with a +0 whip.
You die...

....# #....
#.... . #..r#
.. #...# ..# #
#go###..#
...###oYo...##.
......K........
##.###<@###.###
#..# #.# #..#
#.# #..# #.#
##.###..###.#
............#
............#
##.###..#.#.# #
##..#.#.####


You could see an ice beast, 3 orcs, a quokka, a hobgoblin and a kobold.

Vanquished Creatures
  2 adders (D:2)
  2 orcs
  4 endoplasms
  A giant cockroach (D:3)
  4 goblins
  5 hobgoblins
  2 jackals (D:1)
  7 kobolds
  2 quokkas
  4 ball pythons
  4 bats
  7 frilled lizards
  5 rats
49 creatures vanquished.

Vanquished Creatures (others)
  4 plants (D:1)
4 creatures vanquished.

Grand Total: 53 creatures vanquished

Notes
Turn   | Place    | Note
-------+----------+-------------------------------------------
     0 | D:1      | HallandMoats the Ghoul Fighter began the quest for the Orb.
     0 | D:1      | Reached XP level 1. HP: 19/19 MP: 0/0
   179 | D:1      | Reached XP level 2. HP: 26/26 MP: 1/1
   442 | D:1      | Found a faded altar of an unknown god.
   446 | D:1      | Prayed at the altar of an unknown god.
   446 | D:1      | Became a worshipper of Uskayaw the Reveller
   446 | D:1      | Reached * piety under Uskayaw
   552 | D:1      | Reached ** piety under Uskayaw
   555 | D:1      | Reached *** piety under Uskayaw
  1106 | D:2      | Reached XP level 3. HP: 29/31 MP: 2/2
  1120 | D:2      | Found an iron altar of Okawaru.
  1353 | D:2      | Reached skill level 1 in Invocations
  1360 | D:2      | Reached XP level 4. HP: 39/40 MP: 3/3
  2017 | D:3      | Noticed an ice beast
  2024 | D:3      | HP: 2/40 [orc (1)]
  2025 | D:3      | Slain by a kobold

Illustrated notes

Levels and vault maps discovered:
D:1:      dpeg_arrival_rhombi, layout_basic, shapermc_ecumenical_altar_venn,
          serial_bayou, serial_bayou_lagoon_a, serial_bayou_shore_a,
          serial_bayou_shore_b, serial_bayou_ford_a
D:2:      layout_rooms, basic_altar, wander_ebering_terrifying_dragon_lair
D:3:      minmay_diamond_boxcup, layout_basic, kiku_gazebo_garden_becter,
          serial_shops, shop, minmay_bisected

Skill      XL: |  1  2  3 |
---------------+----------+-----
Axes           | 2 |  2.4
Shields        | 3 |  3.1
Invocations    | 1 |  1.3
Fighting       | |  3.8
Armour         | |  2.9
Dodging        | |  0.6

Action                   |  1- 3 |  4- 6 || total
-------------------------+-------+-------++-------
Melee: War axe           |   103 |    36 ||   139
 Stab: Paralysed         |     1 |       ||     1
Armor: Scale mail        |    60 |    17 ||    77
Dodge: Dodged            |    61 |    12 ||    73
Block: Buckler           |    22 |     5 ||    27

Table legend: (Time is in decaauts)
 A = Elapsed time spent in this place.
 B = Non-inter-level travel time spent in this place.
 C = Inter-level travel time spent in this place.
 D = Time resting spent in this place.
 E = Time spent auto-exploring this place.
 F = Levels seen in this place.
 G = Mean time per level.
                   A        B        C        D        E       F      G
               +--------+--------+--------+--------+--------+-----+--------+
         Total |   2116 |   2080 |     36 |      0 |   1685 |   3 |  705.3 |
       Dungeon |   2116 |   2080 |     36 |      0 |   1685 |   3 |  705.3 |
               +--------+--------+--------+--------+--------+-----+--------+

Top non-repeatable levels by time:
     D:1: 1160 daAuts
     D:2: 652 daAuts
     D:3: 304 daAuts
